 Dungeon Crawl Stone Soup version 0.31-a0-261-g072fdb8a1f (webtiles) character file.

Game seed: 13499914885850937258

138 qw the Shooter (level 5, -2/42 HPs)
             Began as a Minotaur Hexslinger on July 13, 2023.
             Succumbed to an orc wizard's poison
             ... on level 3 of the Dungeon.
             The game lasted 00:00:37 (2216 turns).

qw the Shooter (Minotaur Hexslinger)                Turns: 2216, Time: 00:00:37

Health: -2/42      AC:  8    Str: 12    XL:     5   Next: 1%
Magic:  5/5        EV: 11    Int: 10    God:
Gold:   141        SH:  0    Dex: 15    Spells: 5/6 levels left

rFire   . . .        Y - +3 sling
rCold   . . .        (no shield)
rNeg    . . .        d - +0 ring mail
rPois   .            (helmet restricted)
rElec   .            (no cloak)
rCorr   .            e - +2 pair of gloves
SInv    .            (no boots)
Will    .....        (no amulet)
Stlth   +            (no ring)
HPRegen 0.27/turn    (no ring)
MPRegen 0.09/turn

%: no passive effects
@: lethally poisoned (-2 -> -30), about to teleport
A: horns 2, retaliatory headbutt
a: no special abilities


You were on level 3 of the Dungeon.
You visited 1 branch of the dungeon, and saw 4 of its levels.

You collected 141 gold pieces.


Innate Abilities, Weirdness & Mutations

You have a pair of horns on your head.
You reflexively headbutt those who attack you in melee.


   Skills:
 + Level 2.6 Fighting
 - Level 5.1 Ranged Weapons
 - Level 1.2 Armour
 - Level 2.1 Dodging
 - Level 1.0 Spellcasting
 - Level 2.0 Hexes


You had 5 spell levels left.
You knew the following spells:

 Your Spells              Type           Power      Damage    Failure   Level
a - Slow                  Hex            16%        N/A       34%         1

Your spell library contained the following spells:

 Spells                   Type           Power      Damage    Failure   Level
 Inner Flame              Hex/Fire       2%         N/A       83%         3
 Portal Projectile        Hex/Tloc       4%         N/A       83%         3
 Cause Fear               Hex            2%         N/A       98%         4

Inventory:

Hand Weapons
 Y - a +3 sling (weapon)
Armour
 d - a +0 ring mail (worn)
 e - a +2 pair of gloves (worn)
Scrolls
 a - a scroll of teleportation
Potions
 c - a potion of degeneration {unknown}
 f - a potion of invisibility {unknown}
 g - a potion of curing

Dungeon Overview and Level Annotations

Branches:
Dungeon (4/15)
 Temple: D:4-7

Altars:
The Shining One


Message History

You are frozen.
The orc wizard gestures at you while chanting.
The magic dart hits you. Something hits you but does no damage.
You are more poisoned.
You climb upwards.
Reactivating autopickup.
You feel very sick.
There is a stone staircase leading down here.
Enter note:
Enter note:
Enter note:
Enter note: You shoot a sling bullet.
The sling bullet closely misses the orc wizard.
You feel sick.
The orc wizard hits you but does no damage.
Something hits you but does no damage.
You are more poisoned.
Deactivating autopickup; reactivate with Ctrl-A.
Autopickup is now on.
You shoot a sling bullet.
The sling bullet closely misses the orc wizard.
You feel very sick. Something hits you but does no damage.
You are lethally poisoned!
Deactivating autopickup; reactivate with Ctrl-A.
The orc wizard hits you but does no damage.
Something hits you but does no damage.
You are more poisoned.
The orc wizard mumbles some strange words.
The orc wizard flickers and vanishes!
You shoot a sling bullet. The sling bullet hits the endoplasm.
The endoplasm is heavily wounded.
You feel extremely sick. Something hits you but does no damage.
You are more poisoned.
Something hits you.
2216 ||| READING 2 scrolls of teleportation.
As you read the scroll of teleportation, it crumbles to dust.
You feel strangely unstable.
You die... #.}8............## #.8#######......<# #..# #..........# ####8.# #..........# ..##..# #....####### ..##..# #...## ..##.######..# 777777 .............# 777 77..7.7 ..########...# 7@77 7....77 ..# #...# 7{{7 7.:...7 ..# #...# 77J77

7....77 ###
#...# 77.7
77...777 ##
######...# 7.7
777...77 .##
#.<...#..#
7.77 7.77)77
..# #.....##.#
77.7 77777.7
#.###.....####
7.7 7.7
..........#
7.777 77.


You could see an endoplasm.

Vanquished Creatures
  A scorpion (D:3)
  3 adders
  A gnoll (D:3)
  2 dart slugs
  4 orcs
  5 endoplasms
  A giant cockroach (D:1)
  5 goblins
  3 hobgoblins
  A quokka (D:3)
  4 ball pythons
  4 bats
  5 rats
39 creatures vanquished.

Notes
Turn   | Place    | Note
-------+----------+-------------------------------------------
     0 | D:1      | qw the Minotaur Hexslinger began the quest for the Orb.
     0 | D:1      | Reached XP level 1. HP: 16/16 MP: 1/1
     0 | D:1      | 0 ||| qw: Version: 0.3-a-52-g30416fa
     0 | D:1      | 0 ||| qw: Game counter: 6979
     0 | D:1      | 0 ||| qw: Melee chars always use a shield: true
     0 | D:1      | 0 ||| qw: God list: Okawaru
     0 | D:1      | 0 ||| qw: Allow faded altars: false
     0 | D:1      | 0 ||| qw: Do Orc after clearing Dungeon:15 true
     0 | D:1      | 0 ||| qw: Do second Lair branch before Depths: true
     0 | D:1      | 0 ||| qw: Lair rune preference: random
     0 | D:1      | 0 ||| qw: Goals: Normal
     0 | D:1      | 0 ||| PLANNING D:1-11
   155 | D:1      | Reached skill level 3 in Ranged Weapons
   170 | D:1      | Reached XP level 2. HP: 23/23 MP: 2/2
   565 | D:1      | 565 ||| UPGRADING to +0 ring mail.
   575 | D:1      | 575 ||| DROPPING +0 robe.
   576 | D:1      | 576 ||| READING 2 scrolls labelled ZETTAW AGATOXZYN.
   579 | D:1      | 579 ||| READING scroll labelled ENTADD BUIWN.
   580 | D:1      | 580 ||| READING 2 scrolls labelled GAWESH ZILARRACYRU.
   581 | D:1      | 581 ||| READING scroll labelled PECHO DIXEN.
   582 | D:1      | 582 ||| DROPPING scroll of poison.
   583 | D:1      | 583 ||| DROPPING scroll of fear.
  1142 | D:2      | Reached XP level 3. HP: 29/29 MP: 3/3
  1345 | D:2      | 1345 ||| DROPPING scarf of shadows.
  1346 | D:2      | 1346 ||| UPGRADING to +2 pair of gloves.
  1383 | D:3      | 1383 ||| READING scroll of enchant weapon.
  1383 | D:3      | 1383 ||| ENCHANTING +2 sling.
  1406 | D:3      | Reached skill level 4 in Ranged Weapons
  1613 | D:3      | Reached skill level 1 in Armour
  1627 | D:3      | Found a glowing golden altar of the Shining One.
  1627 | D:3      | Noticed a scorpion
  1636 | D:3      | Killed a scorpion
  1637 | D:3      | Reached skill level 5 in Ranged Weapons
  1637 | D:3      | Reached XP level 4. HP: 13/36 MP: 4/4
  2148 | D:3      | 2148 ||| READING scroll labelled DAECELORO.
  2149 | D:3      | 2149 ||| DRINKING 3 sedimented white potions.
  2209 | D:4      | Reached XP level 5. HP: 39/42 MP: 5/5
  2209 | D:4      | 2209 ||| DRINKING 2 potions of curing.
  2209 | D:4      | 2209 ||| (to cure confusion)
  2211 | D:4      | 2211 ||| STAIRDANCE
  2215 | D:3      | HP: 8/42 [poisoned by an orc wizard]
  2216 | D:3      | 2216 ||| READING 2 scrolls of teleportation.
  2216 | D:3      | Succumbed to an orc wizard's poison

Levels and vault maps discovered:
D:1:      saegor_arrival_miasma, layout_loops_ring
D:2:      layout_loops_corners
D:3:      kb_forest_paths, layout_rooms, nicolae_overflow_crystal_walls,
          chequers_decorated_corner, st_stairs_14
D:4:      layout_rooms, nzn_wu_jian_council_hall,
          minmay_temple_entry_sparse_star, ebering_ghost_reflecting_pool

Skill      XL: |  1  2  3 |
---------------+----------+-----
Ranged Weapons | 3 5 |  5.1
Fighting       | 2 |  2.6
Armour         | 1 |  1.2
Dodging        | |  2.1
Spellcasting   | |  1.0
Hexes          | |  2.0

Action                     |  1- 3 |  4- 6 || total
---------------------------+-------+-------++-------
   Fire: Sling             |    67 |    41 ||   108
    Use: Scroll            |     5 |     2 ||     7
         Potion            |       |     2 ||     2
 Armour: Ring mail         |    12 |    19 ||    31
         Robe              |     1 |       ||     1
  Dodge: Dodged            |    22 |     7 ||    29

Table legend:
 A = Non-vault XP
 B = Vault XP
 C = Vault XP percentage of total XP
 D = Non-vault monster count
 E = Vault monster count
 F = Vault count percentage of total count
                 A         B        C        D         E       F
            +---------+---------+-------+---------+---------+-------
      Total |     174 |      24 |  12.1 |      32 |       7 |  17.9
            +---------+---------+-------+---------+---------+-------
        D:1 |      22 |       0 |   0.0 |      12 |       0 |   0.0
        D:2 |      19 |       0 |   0.0 |       6 |       0 |   0.0
        D:3 |     123 |      24 |  16.3 |      11 |       7 |  38.9
        D:4 |      10 |       0 |   0.0 |       3 |       0 |   0.0
            +---------+---------+-------+---------+---------+-------
